Construct Section Command Post
Selects Indian Artillery Battlegroup
Construct Platoon Command Post
Construct Field Infirmary
Selects Artillery Saturation
Unlock Bishop Self-propelled Artillery
Selects Gurkha Rifles Section
Bishop Self-propelled Artillery
Bishop Self-propelled Artillery
6-pounder Anti-tank Gun Team
Bishop Self-propelled Artillery
Selects Off-map Airburst Barrage
Selects Off-map Airburst Barrage
Construct Company Command Post